 Dungeon Crawl Stone Soup version 0.24-a0-412-ge138f7edaf (webtiles) character file.

Game seed: 431653216813530623

10817 Ijustatesigmund the Cleaver (level 11, 0/80 HPs)
             Began as an Octopode Fighter on June 6, 2019.
             Was an Initiate of Cheibriados.
             Slain by a soul eater (23 damage)
             ... in a Gauntlet.
             The game lasted 00:26:29 (11640 turns).

Ijustatesigmund the Cleaver (Octopode Fighter)     Turns: 11640, Time: 00:26:30

Health: 0/80       AC:  1    Str: 14    XL:     11   Next: 68%
Magic:  13/13      EV: 17    Int: 15    God:    Cheibriados [......]
Gold:   500        SH: 11    Dex: 18    Spells: 7/10 levels left

rFire    . . .     SeeInvis .   g - +10 war axe "Vicw" {flame, rPois MR- Dex+3}
rCold    . . .     Gourm    .   b - +0 shield
rNeg     . . .     Faith    .   (helmet restricted)
rPois    +         Spirit   .   c - amulet of rage
rElec    .         Reflect  .   n - ring of flight
rCorr    .         Harm     .   s - ring of protection from magic
MR       .....     NoTele   +   (no ring)
Stlth    +++.......             (no ring)
HPRegen  0.23/turn              (no ring)
MPRegen  0.13/turn              (no ring)
                                (no ring)
                                (no ring)

@: lightly drained, very slow
A: almost no armour, stealthy swim, amphibious, 8 rings, constrict 8, tentacle
spike 1, camouflage 1, clever 1, poison resistance, weak 1, gelatinous body 1
a: Bend Time, Renounce Religion, Evoke Berserk Rage, Evoke Flight


You were in a Gauntlet.
You worshipped Cheibriados.
Cheibriados was noncommittal.
You were hungry.

You visited 3 branches of the dungeon, and saw 13 of its levels.
You also visited: Gauntlet.

You collected 593 gold pieces.
You spent 93 gold pieces at shops.

Inventory:

Hand Weapons
 a - a +1 flail
 g - the +10 war axe "Vicw" (weapon) {flame, rPois MR- Dex+3}
   (You found it on level 5 of the Dungeon)

   It has been specially enchanted to burn those struck by it, causing extra
   injury to most foes and up to half again as much damage against particularly
   susceptible opponents.
   Big, fiery blades are also staple armaments of hydra-hunters.
   It affects your dexterity (+3).
   It protects you from poison.
   It affects your resistance to hostile enchantments.
Armour
 b - a +0 shield (worn)
Jewellery
 c - an amulet of rage (around mantle)
 n - a ring of flight (left tentacle)
 s - a ring of protection from magic (right tentacle)
Wands
 l - a wand of iceblast (4)
 o - a wand of clouds (1)
 q - a wand of random effects (15)
 t - a wand of flame (19)
Scrolls
 e - a scroll of vulnerability
 f - 4 scrolls of remove curse
 h - a scroll of fog
 i - a scroll of magic mapping
 v - a scroll of immolation
 w - a scroll of enchant armour {unknown}
 y - a scroll of fear
 B - 2 scrolls of amnesia
 C - a scroll of acquirement {unknown}
Potions
 j - 2 potions of lignification
 m - 2 potions of flight
 z - 2 potions of brilliance
 A - a potion of cancellation
Comestibles
 d - 27 rations


   Skills:
 - Level 9.0(8.5) Fighting
 - Level 9.8(10.0) Axes
 - Level 6.3(8.4) Maces & Flails
 - Level 8.1(7.6) Dodging
 - Level 8.1(7.6) Shields
 + Level 2.0(1.6) Translocations
 + Level 3.0(2.6) Invocations


You had 7 spell levels left.
You knew the following spells:

 Your Spells              Type           Power        Failure   Level  Hunger
a - Magic Dart            Conj           #...         56%         1    ##.....
b - Blink                 Tloc           N/A          50%         2    ###....

Your spell library contained the following spells:

 Spells                   Type           Power        Failure   Level  Hunger
 Call Imp                 Summ           #.......     71%         2    ###....
 Slow                     Hex            #.......     71%         2    ###....
 Conjure Flame            Conj/Fire      #.......     91%         3    ####...
 Mephitic Cloud           Conj/Pois/Air  #.......     91%         3    ####...


Dungeon Overview and Level Annotations

Branches:
Dungeon (11/15)            Temple (1/1) D:4            Lair (1/6) D:9
    Orc (0/2) D:10

Altars:
Ashenzari
Cheibriados
Dithmenos
Elyvilon
Fedhas
Gozag
Hepliaklqana
Kikubaaqudgha
Makhleb
Nemelex Xobeh
Qazlal
Ru
Sif Muna
Trog
Uskayaw
Vehumet
Wu Jian
Xom
Yredelemnul
Zin
The Shining One

Shops:
D:6 (   D:10 ?

Annotations:
Gauntlet 13 transporters, 1 runed translucent door, exclusion: 2 orange crystal statues


Innate Abilities, Weirdness & Mutations

You cannot wear most types of armour.
You are very stealthy in the water. (Stealth+)
You are amphibious.
You can wear up to eight rings at the same time.
You can use your tentacles to constrict eight enemies at once.
Your skin changes colour to match your surroundings (Stealth+).
Your rubbery body absorbs attacks. (AC +1, EV +1)
One of your tentacles bears a spike.
Your mind is acute. (Int +2)
Your system is resistant to poisons. (rPois)
You are weak. (Str -2)


Message History

You hit the soul eater. You burn the soul eater.
You pierce the soul eater, but do no damage.
The soul eater is severely wounded.
You barely miss the shadow imp. You constrict the soul eater.
The soul eater completely misses you. The shadow imp hits you.
* * * LOW HITPOINT WARNING * * *
You hit the soul eater. You burn the soul eater.
You squeeze the soul eater, but do no damage.
The soul eater is almost dead.
You slash the shadow imp! You burn the shadow imp.
You kill the shadow imp!
Cheibriados appreciates the change of pace.
You constrict the soul eater, but do no damage.
The soul eater closely misses you. You block the soul eater's attack.
You hit the soul eater. You burn the soul eater.
Your tentacle spike misses the soul eater.
You squeeze the soul eater, but do no damage.
The soul eater is almost dead.
You constrict the soul eater. The soul eater hits you!!
You die...

#....#Z.###...≈≈#
#©.#©#.##©#.♣..≈#
#..#...##.#.PP..####
#)###.###.#.PP♣..≈≈#
#Z....ZZ#.#.PP....≈#
#########.#.♣P..♣..####
#.......#.#.........≈≈#
#..P♣...#.#########..≈#
..PPPP..#.#.....@3#...##
.P#≈#≈#.#.#=###'#.#.∩.≈##
P.≈≈≈≈≈.#.#.#≈..#.#...≈≈##
♣P#≈#≈#.#©#©#≈©.#.#©.♣≈≈≈#
.P≈≈≈≈≈.#.#.#≈..#.#...≈≈##
..#≈#≈#.#.#%###+#.#.∩.≈##
..P.P.P.#.#.......#...##
#...♣...#.#########..≈#
#.......#.#.........≈≈#


You could see a soul eater.

Vanquished Creatures
  3 two-headed ogres
  The ghost of Enish the Fighter, a novice FoCK of Xom (D:7)
  3 trolls
  A hornet (D:7)
  A hippogriff (D:8)
  12 yaks (D:9)
  The ghost of Lanoc the Skirmisher, an amateur MiFi (D:4)
  The ghost of Laiders72 the Cudgeler, an amateur MiFi (D:3)
  4 hogs (D:8)
  A human (D:8)
  2 hungry ghosts (D:7)
  An acid dragon (D:10)
  Duvessa (D:6)
  A sky beast (D:10)
  4 orc warriors
  2 ice beasts
  A black bear (D:7)
  6 ogres
  3 centaurs
  A big kobold (D:7)
  6 bullfrogs
  A water moccasin skeleton (D:10)
  Dowan (D:6)
  2 scorpions
  7 wights
  10 killer bees
  A howler monkey (D:10)
  A bullfrog zombie (D:10)
  A crimson imp (D:5)
  2 quasits
  2 bullfrog skeletons
  4 hounds
  6 orc priests
  A centaur skeleton (D:9)
  A gnoll shaman (D:8)
  4 iguanas
  9 orc wizards
  8 worker ants
  10 adders
  4 gnolls (D:8)
  7 shadow imps
  2 worms
  A dart slug (D:1)
  12 leopard geckos
  42 orcs
  9 bats
  4 giant cockroaches
  5 hobgoblins
  21 jackals
  14 kobolds
  6 quokkas
  4 frilled lizards
  11 goblins
  A quokka skeleton (D:5)
  10 rats
  A plant (Gauntlet)
281 creatures vanquished.

Notes
Turn   | Place    | Note
-------+----------+-------------------------------------------
     0 | D:1      | Ijustatesigmund the Octopode Fighter began the quest for
                  | the Orb.
     0 | D:1      | Reached XP level 1. HP: 16/16 MP: 1/1
   115 | D:1      | Reached XP level 2. HP: 21/21 MP: 2/2
   487 | D:1      | Reached XP level 3. HP: 25/26 MP: 3/3
   900 | D:2      | Found a bloodstained altar of Trog.
  1202 | D:2      | Reached XP level 4. HP: 31/32 MP: 4/4
  1250 | D:2      | Found a bloodstained altar of Trog.
  1868 | D:3      | Found a large runed translucent door.
  1872 | D:3      | Noticed an ice beast
  1880 | D:3      | Reached XP level 5. HP: 34/37 MP: 5/5
  1884 | D:3      | Killed an ice beast
  1884 | D:3      | Reached skill level 5 in Maces & Flails
  1884 | D:3      | Reached XP level 6. HP: 31/44 MP: 6/6
  1985 | D:3      | Found a large runed translucent door.
  1986 | D:3      | Found a burning altar of Makhleb.
  1986 | D:3      | Found a shattered altar of Ashenzari.
  2138 | D:3      | Noticed Laiders72's ghost (amateur MiFi)
  2433 | D:4      | Found a runed translucent door.
  2433 | D:4      | Noticed Lanoc's ghost (amateur MiFi)
  2570 | D:4      | Found a staircase to the Ecumenical Temple.
  2824 | D:5      | Entered Level 5 of the Dungeon
  2864 | D:5      | Found a sacrificial altar of Ru.
  2868 | D:5      | Found a shadowy altar of Dithmenos.
  2868 | D:5      | Found a deep blue altar of Sif Muna.
  2874 | D:5      | Reached XP level 7. HP: 49/49 MP: 7/7
  2887 | D:5      | Reached skill level 5 in Fighting
  2890 | D:5      | HP: 2/50 [ogre/+0 giant club (19)]
  3500 | D:5      | Got a scorched war axe
  3501 | D:5      | Identified the +10 war axe "Vicw" {flame, rPois MR- Dex+3}
                  | (You found it on level 5 of the Dungeon)
  3544 | D:5      | Reached skill level 1 in Axes
  3940 | D:6      | Reached XP level 8. HP: 51/56 MP: 8/8
  4111 | D:6      | Found Tiucwomi's Antique Weapon Shop.
  4224 | D:6      | Noticed Duvessa
  4226 | D:6      | Noticed Dowan
  4230 | D:6      | Killed Dowan
  4236 | D:6      | Killed Duvessa
  4739 | D:6      | Found a white marble altar of Elyvilon.
  4739 | D:6      | Found a basalt altar of Yredelemnul.
  4740 | D:6      | Found a shimmering altar of Xom.
  4780 | D:7      | Found a transporter.
  4780 | D:7      | Found a transporter.
  4780 | D:7      | Noticed Enish's ghost (novice FoCK)
  4783 | D:7      | Noticed a hornet
  5148 | D:7      | Reached skill level 5 in Dodging
  5148 | D:7      | Reached skill level 5 in Shields
  5148 | D:7      | Reached XP level 9. HP: 63/63 MP: 9/9
  5167 | D:7      | Reached skill level 5 in Axes
  6797 | D:8      | Reached XP level 10. HP: 33/71 MP: 10/10
  6833 | D:8      | HP: 1/71 [hog (12)]
  7340 | D:9      | Noticed a two-headed ogre
  7348 | D:9      | Killed a two-headed ogre
  7794 | D:9      | Found a staircase to the Lair.
  8061 | Lair:1   | Entered Level 1 of the Lair of Beasts
  8224 | Lair:1   | Reached XP level 11. HP: 78/78 MP: 11/11
  8902 | D:9      | Gained mutation: One of your tentacles bears a spike.
                  | [potion of mutation]
  8902 | D:9      | Gained mutation: Your system is resistant to poisons.
                  | (rPois) [potion of mutation]
  8902 | D:9      | Gained mutation: Your body sometimes deteriorates upon
                  | taking damage. [potion of mutation]
  8902 | D:9      | Gained mutation: Your mind is acute. (Int +2) [potion of
                  | mutation]
  9079 | D:10     | Entered Level 10 of the Dungeon
  9079 | D:10     | Found a staircase to the Orcish Mines.
  9319 | D:10     | Noticed a two-headed ogre
  9333 | D:10     | Killed a two-headed ogre
  9476 | D:10     | Found Etiamifu's Magic Scroll Boutique.
  9483 | D:10     | Bought a scroll of teleportation for 33 gold pieces
  9483 | D:10     | Bought a scroll of identify for 22 gold pieces
  9483 | D:10     | Bought a scroll of fear for 38 gold pieces
  9577 | D:10     | Noticed a two-headed ogre
  9590 | D:10     | Killed a two-headed ogre
 10705 | Temple   | Entered the Ecumenical Temple
 10784 | Temple   | Became a worshipper of Cheibriados the Contemplative
 10828 | D:4      | Killed Lanoc's ghost
 10828 | D:4      | Reached skill level 1 in Invocations
 10831 | D:4      | Lost mutation: Your body sometimes deteriorates upon taking
                  | damage. [potion of mutation]
 10831 | D:4      | Lost mutation: One of your tentacles bears a spike. [potion
                  | of mutation]
 10831 | D:4      | Gained mutation: You are weak. (Str -2) [potion of
                  | mutation]
 10831 | D:4      | Gained mutation: One of your tentacles bears a spike.
                  | [potion of mutation]
 10887 | D:3      | Killed Laiders72's ghost
 10896 | D:3      | Learned a level 1 spell: Magic Dart
 10899 | D:3      | Learned a level 2 spell: Blink
 11044 | D:7      | Reached skill level 1 in Translocations
 11045 | D:7      | Killed Enish's ghost
 11444 | D:11     | Found a gate leading to a gauntlet.
 11453 | Gauntlet | Entered a Gauntlet
 11453 | Gauntlet | Found a transporter.
 11453 | Gauntlet | Found a runed translucent door.
 11454 | Gauntlet | Found a runed translucent door.
 11460 | Gauntlet | Found a transporter.
 11460 | Gauntlet | Noticed a soul eater
 11462 | Gauntlet | Found a transporter.
 11471 | Gauntlet | Found a transporter.
 11473 | Gauntlet | Found a transporter.
 11475 | Gauntlet | Noticed a death ooze
 11484 | Gauntlet | Found a transporter.
 11500 | Gauntlet | Noticed an orange crystal statue
 11503 | Gauntlet | Found a transporter.
 11512 | Gauntlet | Noticed a dire elephant
 11513 | Gauntlet | Found a transporter.
 11517 | Gauntlet | Found a transporter.
 11518 | Gauntlet | Found a transporter.
 11538 | Gauntlet | Found a transporter.
 11538 | Gauntlet | Found a transporter.
 11571 | Gauntlet | Noticed an orange crystal statue
 11572 | Gauntlet | Found a transporter.
 11594 | Gauntlet | Found a transporter.
 11640 | Gauntlet | Slain by a soul eater

Levels and vault maps discovered:
D:1:      dpeg_arrival_radiant, layout_loops_corners
D:2:      layout_loops_corners, bloody_trog, first_ration, grunt_ministairs_2,
          minmay_hexomino_r4
D:3:      layout_rooms, nicolae_overflow_hidden_temple,
          chequers_temple_overflow_statue_of_worship,
          ebering_ghost_disaster_area, hangedman_decor_growths
D:4:      layout_rooms, minmay_temple_entry_mist, hellmonk_ghost_happy_afterlife
D:5:      layout_loops_ring, grunt_temple_overflow_open
D:6:      layout_basic, gammafunk_temple_overflow_claw, serial_shops,
          nicolae_shop_overgrown_old_shop, uniq_duvessa
D:7:      layout_loops_ring, gammafunk_ghost_hive
D:8:      layout_basic, grunt_livestock
D:9:      layout_loops_ring, lair_entry_dummy, serial_glass, glass_columns_a,
          glass_columns_a, glass_columns_b, glass_columns_a, glass_columns_a,
          glass_columns_a, serial_bayou_crossing
D:10:     layout_roguey, david_orc_2, serial_shops, shop_scrolls,
          minmay_fractal_squares_diagonal_5
D:11:     layout_loops_ring, gauntlet_entry_generic
Temple:   nicolae_temple_hex_pool
Lair:1:   layout_roguey [special_room_bee]
Gauntlet: minmay_gauntlet_77_tree [minmay_gauntlet_arena_77_shame_cube,
          minmay_gauntlet_arena_77_terracotta_army,
          minmay_gauntlet_arena_77_broken_ladder, minmay_gauntlet_arena_77_fan,
          minmay_gauntlet_arena_77_checkered, minmay_gauntlet_arena_77_mess,
          minmay_gauntlet_arena_77_chump_sandwich, gauntlet_exit_spiral]

Skill      XL: |  1  2  3  4  5  6  7  8  9 10 11 |
---------------+----------------------------------+-----
Maces & Flails | 3 4 5 6 |  6.3
Fighting       | 4 5 6 7 8 9 |  9.0
Axes           | 2 4 7 9 |  9.8
Dodging        | 5 6 7 8 |  8.1
Shields        | 5 6 7 8 |  8.1
Invocations    | 3 |  3.0
Translocations | 2 |  2.0

Action                   |  1- 3 |  4- 6 |  7- 9 | 10-12 || total
-------------------------+-------+-------+-------+-------++-------
Melee: Flail             |    63 |   104 |    18 |       ||   185
       Constrict         |    18 |    28 |    28 |    27 ||   101
       Tentacles         |    11 |    20 |    31 |    56 ||   118
       War axe           |       |       |   151 |   206 ||   357
       Kick              |       |       |       |    37 ||    37
Evoke: Wand              |       |       |       |    11 ||    11
  Use: Potion            |       |     1 |     6 |     6 ||    13
       Scroll            |       |    12 |     4 |    15 ||    31
 Stab: Sleeping          |    12 |     6 |    10 |     5 ||    33
       Invisible         |       |       |       |     1 ||     1
  Eat: Chunk             |     1 |     5 |     7 |     2 ||    15
       Ration            |       |       |     2 |     4 ||     6
Armor: Skin              |     3 |     5 |     5 |     3 ||    16
Dodge: Dodged            |    24 |    47 |    93 |   103 ||   267
Block: Shield            |    25 |    40 |    73 |   107 ||   245

Table legend:
 A = Non-vault XP
 B = Vault XP
 C = Vault XP percentage of total XP
 D = Non-vault monster count
 E = Vault monster count
 F = Vault count percentage of total count
                 A         B        C        D         E       F
            +---------+---------+-------+---------+---------+-------
      Total |   11860 |    3594 |  23.3 |     244 |      36 |  12.9
            +---------+---------+-------+---------+---------+-------
        D:1 |      43 |       0 |   0.0 |      25 |       0 |   0.0
        D:2 |      54 |      22 |  28.9 |      16 |       6 |  27.3
        D:3 |     263 |     201 |  43.3 |      25 |       1 |   3.8
        D:4 |     224 |     201 |  47.3 |      14 |       1 |   6.7
        D:5 |     496 |       0 |   0.0 |      15 |       0 |   0.0
        D:6 |     287 |     211 |  42.4 |      14 |       2 |  12.5
        D:7 |    1674 |    1149 |  40.7 |      44 |       7 |  13.7
        D:8 |    1002 |     948 |  48.6 |      23 |       5 |  17.9
        D:9 |    4556 |       0 |   0.0 |      41 |       0 |   0.0
       D:10 |    3138 |     827 |  20.9 |      24 |      11 |  31.4
       D:11 |       3 |       0 |   0.0 |       1 |       0 |   0.0
     Lair:1 |     120 |       0 |   0.0 |       2 |       0 |   0.0
   Gauntlet |       0 |      35 | 100.0 |       0 |       3 | 100.0
            +---------+---------+-------+---------+---------+-------
